 Dungeon Crawl Stone Soup version 0.23.2-1-ga50397a (webtiles) character file.

Game seed: 13691030440717930650

22206 teukkam the Fighter (level 12, -2/112 HPs)
             Began as a Minotaur Fighter on May 24, 2019.
             Was an Initiate of Gozag.
             Slain by an anaconda (10 damage)
             ... on level 1 of the Snake Pit.
             The game lasted 00:47:35 (12424 turns).

teukkam the Fighter (Minotaur Fighter)             Turns: 12424, Time: 00:47:36

Health: -2/112     AC: 17    Str: 25    XL:     12   Next: 61%
Magic:  11/11      EV:  7    Int: 10    God:    Gozag
Gold:   174        SH:  0    Dex: 13    Spells: 11/11 levels left

rFire    + + .     SeeInvis .   S - +1 hand axe (chop)
rCold    . . .     Gourm    .   (no shield)
rNeg     . . .     Faith    +   e - +1 scale mail {MR+}
rPois    +         Spirit   .   H - +2 hat
rElec    .         Reflect  .   A - +0 cloak
rCorr    +         Harm     .   V - +0 pair of gloves
MR       +....                  G - +1 pair of boots
Stlth    ..........             t - amulet of faith
HPRegen  0.28/turn              k - ring "Beostry" {rCorr rPois rF++}
MPRegen  0.12/turn              M - +3 ring of intelligence

@: lethally poisoned (-2 -> -18), constricted, bribing [the Snake Pit]
A: retaliatory headbutt, horns 2, agile 1, blurry vision 2, clever 1
a: Potion Petition, Call Merchant, Bribe Branch, Renounce Religion


You were on level 1 of the Snake Pit.
You worshipped Gozag.
Gozag was aware of your devotion.
You were not hungry.

You visited 3 branches of the dungeon, and saw 15 of its levels.
You also visited: Ossuary.

You collected 3217 gold pieces.
You paid 3043 gold pieces to Gozag.

Inventory:

Hand Weapons
 a - the +8 quarterstaff of the Traitor {speed, rC+ rN+ Str-3}
   (You found it on level 4 of the Lair of Beasts)

   Attacks with this weapon are significantly faster.
   It affects your strength (-3).
   It protects you from cold.
   It protects you from negative energy.
 b - a +2 fustibalus of freezing
 c - a +2 eveningstar of draining
 i - a +0 war axe
 l - a +2 flail of holy wrath
 u - a +0 short sword
 y - a +2 short sword of speed
 z - a +4 quarterstaff of chaos
 B - the +1 trident of Bumuef {drain, rElec rN+}
   (You found it on level 5 of the Dungeon)

   A truly terrible weapon, it drains the life of those it strikes.
   It insulates you from electricity.
   It protects you from negative energy.
 J - a +1 dagger of venom
 S - a +1 hand axe of chopping (weapon)
 Y - a +3 scimitar of flaming
Missiles
 h - 20 tomahawks
 n - 294 stones (quivered)
 w - 121 sling bullets
 C - 2 throwing nets
 D - 15 poisoned needles
 P - 9 javelins
 X - 4 tomahawks of returning
Armour
 e - a +1 scale mail of magic resistance (worn)
 A - a +0 cloak (worn)
 G - a +1 pair of boots (worn)
 H - a +2 hat (worn)
 R - a +0 scale mail
 V - a +0 pair of gloves (worn)
Jewellery
 k - the ring "Beostry" (left hand) {rCorr rPois rF++}
   (You acquired it on level 2 of the Lair of Beasts)

   [ring of resist corrosion]

   It greatly protects you from fire.
   It protects you from poison.
 t - an amulet of faith (around neck)
 x - an uncursed ring of protection from cold
 L - an uncursed ring of fire
 M - a +3 ring of intelligence (right hand)
Wands
 E - a wand of polymorph (8)
 K - a wand of enslavement (9)
 T - a wand of flame (34)
 W - a wand of clouds (1)
Scrolls
 m - 9 scrolls of remove curse
 o - 5 scrolls of teleportation
 q - 14 scrolls of identify
 r - 5 scrolls of enchant weapon
 I - a scroll of fear
 N - a scroll of fog
 O - 2 scrolls of enchant armour
Potions
 d - 2 potions of ambrosia
 g - 2 potions of berserk rage {unknown}
 j - 10 potions of curing {unknown}
 p - a potion of might
 s - a potion of flight
 v - 2 potions of lignification {unknown}
 F - 3 potions of heal wounds {unknown}
 Q - a potion of agility
 U - 5 potions of degeneration {unknown}
 Z - a potion of cancellation {unknown}
Comestibles
 f - 19 rations


   Skills:
 + Level 11.9 Fighting
 - Level 3.5 Short Blades
 - Level 3.8(7.4) Axes
 - Level 9.9(10.3) Polearms
 + Level 1.9(6.5) Staves
 + Level 7.9(9.6) Slings
 + Level 7.8(9.1) Throwing
 + Level 11.8 Armour
   Level 10.6 Shields


You had 11 spell levels left.
You didn't know any spells.
Your spell library contained the following spells:

 Spells                   Type           Power        Failure   Level  Hunger
 Animate Skeleton         Necr           N/A          58%         1    ##.....
 Apportation              Tloc           #.....       58%         1    ##.....
 Confusing Touch          Hex            #.....       58%         1    ##.....
 Infusion                 Chrm           #...         58%         1    ##.....
 Shock                    Conj/Air       #...         58%         1    ##.....
 Summon Small Mammal      Summ           #...         58%         1    ##.....
 Shroud of Golubria       Chrm/Tloc      #.........   73%         2    ###....
 Song of Slaying          Chrm           #.......     73%         2    ###....
 Swiftness                Chrm/Air       #.......     73%         2    ###....
 Confuse                  Hex            #.......     91%         3    ####...
 Gell's Gravitas          Tloc           #.........   91%         3    ####...
 Regeneration             Chrm/Necr      #.........   91%         3    ####...
 Spectral Weapon          Hex/Chrm       #.......     91%         3    ####...
 Static Discharge         Conj/Air       #.......     91%         3    ####...
 Airstrike                Air            #.........   100%        4    #####..
 Petrify                  Tmut/Erth      #.......     100%        4    #####..
 Lightning Bolt           Conj/Air       #.........   100%        5    ######.
 Metabolic Englaciation   Hex/Ice        #.........   100%        5    ######.
 Yara's Violent Unravell  Hex/Tmut       #.........   100%        5    ######.


Dungeon Overview and Level Annotations

Branches:
Dungeon (9/15)             Temple (0/1) D:7            Lair (5/6) D:8
  Swamp (0/4) Lair:3        Snake (1/4) Lair:4          Orc (0/2) D:9
  Slime: Lair:5-6

Altars:
Ashenzari
Cheibriados
Dithmenos
Gozag
Hepliaklqana
Makhleb
Nemelex Xobeh
Trog

Annotations:
D:7 2 transporters, bmj180's ghost, novice MiFi
D:8 Grum


Innate Abilities, Weirdness & Mutations

You reflexively headbutt those who attack you in melee.
You have a pair of horns on your head.
You are agile. (Dex +2)
Scrolls take you longer to read.
Your mind is acute. (Int +2)


Message History

The anaconda constricts you. The black mamba bites you.
* * * LOW HITPOINT WARNING * * *
Okay, then.
Okay, then.
Evoke which item? (* to show all) (? for menu, Esc to quit)
Okay, then.
Really read with blurry vision while enemies are nearby?
The black mamba bites you but does no damage.
The anaconda barely misses you.
* * * LOW HITPOINT WARNING * * *
The anaconda constricts you. The black mamba bites you!
* * * LOW HITPOINT WARNING * * *
You are lethally poisoned!
The black mamba poisons you!
The black mamba bites you but does no damage.
The naga ritualist casts a spell.
The naga ritualist begins to radiate toxic energy.
The anaconda bites you!
You die...
Your body crumbles into a pile of gold.

#.S. ....#.#..
.... .....#...
..... ........
.....##.....#
............#
...........#
...^..S.S..#
....%.S@..#
..##....S.#
#.......#
#.....(....
#......(....N.
.#......#.......
#....)..##.#...
#....... .....
#...... ....S


You could see an anaconda, a naga ritualist, a mana viper and 3 black mambas.

Vanquished Creatures
  Erica (Lair:1)
  2 hydras (Lair:2)
  2 two-headed ogres
  Urug (Lair:1)
  A mana viper (Snake:1)
  5 elephants (Lair:2)
  6 black mambas
  Joseph (D:8)
  3 spiny frogs
  3 komodo dragons (Lair:1)
  A rime drake (Lair:1)
  A polar bear (Lair:4)
  6 blink frogs
  Prince Ribbit (D:6)
  3 hippogriffs
  A vampire (D:9)
  Eustachio (D:4)
  21 yaks
  2 basilisks
  A warg (D:9)
  4 nagas (Lair:4)
  6 water moccasins
  A sky beast (D:5)
  A phantom (D:4)
  10 porcupines
  A black bear (Lair:2)
  2 ogres (D:5)
  8 wolves (Lair:3)
  15 crocodiles
  2 big kobolds
  13 bullfrogs
  A wyvern skeleton (D:7)
  A centaur zombie (Ossuary)
  2 crimson imps (D:5)
  3 human zombies (Ossuary)
  3 orc priests
  Crazy Yiuf (D:2)
  A bullfrog skeleton (D:7)
  A bullfrog zombie (D:6)
  4 hounds
  6 orc wizards
  3 iguanas
  A hell rat (D:8)
  4 worker ants
  A killer bee zombie (D:7)
  A big kobold zombie (Ossuary)
  A hound zombie (D:6)
  2 mummies (Ossuary)
  5 adders
  A river rat (D:8)
  An adder zombie (Ossuary)
  4 worms
  5 dart slugs
  11 leopard geckos
  26 orcs
  5 giant cockroaches (D:1)
  7 goblins
  5 hobgoblins
  12 jackals
  5 quokkas
  3 ball pythons
  11 bats
  16 frilled lizards
  9 hobgoblin zombies (Ossuary)
  A jackal zombie (Ossuary)
  8 kobolds
  8 kobold zombies (Ossuary)
  10 orc zombies (Ossuary)
  A quokka skeleton (D:4)
  3 rats (D:8)
  3 rat zombies (Ossuary)
  A fungus (Lair:2)
  A plant (Lair:2)
324 creatures vanquished.

Vanquished Creatures (collateral kills)
  A water moccasin (Lair:3)
1 creature vanquished.

Vanquished Creatures (others)
  3 fungi (Lair:2)
  2 plants (Lair:2)
5 creatures vanquished.

Grand Total: 330 creatures vanquished

Notes
Turn   | Place    | Note
-------+----------+-------------------------------------------
     0 | D:1      | teukkam the Minotaur Fighter began the quest for the Orb.
     0 | D:1      | Reached XP level 1. HP: 19/19 MP: 0/0
     0 | D:1      | Noticed a draconian
     0 | D:1      | Noticed a ghoul
     2 | D:1      | Noticed an ogre
     4 | D:1      | Noticed a gargoyle
     4 | D:1      | Noticed a spriggan
     6 | D:1      | Noticed an elf
    10 | D:1      | Noticed a dwarf
    13 | D:1      | Noticed a formicid
    13 | D:1      | Noticed a dwarf
    15 | D:1      | Noticed an elf
    17 | D:1      | Noticed a draconian
    17 | D:1      | Noticed a minotaur
    19 | D:1      | Noticed an octopode
    19 | D:1      | Noticed an octopode
    21 | D:1      | Noticed a spriggan
   134 | D:1      | Reached XP level 2. HP: 26/27 MP: 1/1
   384 | D:3      | Found an opulent altar of Gozag.
   393 | D:3      | Became a worshipper of Gozag Ym Sagoz the Greedy
   437 | D:3      | Reached XP level 3. HP: 28/33 MP: 2/2
   496 | D:3      | Found a hazy altar of Hepliaklqana.
   557 | D:3      | Found a shattered altar of Ashenzari.
   915 | D:2      | Noticed a bullfrog
   925 | D:2      | Killed a bullfrog
   925 | D:2      | Reached XP level 4. HP: 32/41 MP: 3/3
   999 | D:2      | Found a sparkling altar of Nemelex Xobeh.
  1485 | D:1      | Reached XP level 5. HP: 42/47 MP: 4/4
  1983 | D:2      | Found a runed translucent door.
  1984 | D:2      | Noticed Crazy Yiuf
  2006 | D:2      | Killed Crazy Yiuf
  2172 | D:2      | Found a faded altar of an unknown god.
  2664 | D:3      | Reached skill level 5 in Shields
  2740 | D:4      | Reached skill level 5 in Fighting
  2740 | D:4      | Reached skill level 1 in Short Blades
  2750 | D:4      | Reached skill level 5 in Armour
  2768 | D:4      | Reached XP level 6. HP: 40/56 MP: 5/5
  2805 | D:4      | Found a snail-covered altar of Cheibriados.
  3232 | D:4      | Found a burning altar of Makhleb.
  3239 | D:4      | Noticed Eustachio
  3245 | D:4      | Killed Eustachio
  3245 | D:4      | Reached XP level 7. HP: 52/61 MP: 6/6
  3374 | D:5      | Entered Level 5 of the Dungeon
  3410 | D:5      | Found a sand-covered staircase.
  3419 | Ossuary  | Entered an ossuary
  4036 | D:5      | Found a shadowy altar of Dithmenos.
  4049 | D:5      | Reached XP level 8. HP: 63/70 MP: 7/7
  4136 | D:5      | Got a crystal trident
  4142 | D:5      | Identified the cursed +1 trident of Bumuef {drain, rElec
                  | rN+} (You found it on level 5 of the Dungeon)
  4531 | D:6      | Reached skill level 1 in Polearms
  4628 | D:6      | Found a bloodstained altar of Trog.
  4823 | D:6      | Noticed Prince Ribbit
  4836 | D:6      | Killed Prince Ribbit
  4936 | D:6      | Found a shadowy altar of Dithmenos.
  4993 | D:7      | Found a transporter.
  5004 | D:7      | Found a staircase to the Ecumenical Temple.
  5231 | D:7      | Noticed a hippogriff
  5242 | D:7      | Killed a hippogriff
  5242 | D:7      | Reached XP level 9. HP: 72/79 MP: 8/8
  5272 | D:7      | Noticed bmj180's ghost (novice MiFi)
  5272 | D:7      | Identified the cursed +2 dire flail "Demmob" {antimagic,
                  | +Blink}
  5272 | D:7      | Identified the +9 great mace of Sastoawk {venom, rPois rC++
                  | MR+ Dex-4}
  5272 | D:7      | Noticed a two-headed ogre
  5273 | D:7      | Found a transporter.
  5428 | D:8      | Noticed a death yak
  5433 | D:8      | Noticed a death yak
  5439 | D:8      | Noticed a death yak
  5439 | D:8      | Noticed Grum
  5761 | D:8      | Noticed Joseph
  5768 | D:8      | Noticed a two-headed ogre
  5783 | D:8      | Killed a two-headed ogre
  5783 | D:8      | Reached skill level 1 in Throwing
  5783 | D:8      | Reached skill level 10 in Shields
  5784 | D:8      | Killed Joseph
  5899 | D:9      | Reached skill level 5 in Polearms
  5902 | D:9      | Found a staircase to the Orcish Mines.
  5948 | D:9      | Reached skill level 1 in Slings
  6101 | D:9      | Noticed a two-headed ogre
  6120 | D:9      | Killed a two-headed ogre
  6120 | D:9      | Reached XP level 10. HP: 71/90 MP: 9/9
  6171 | D:8      | Found a staircase to the Lair.
  6191 | Lair:1   | Entered Level 1 of the Lair of Beasts
  6381 | Lair:1   | Noticed Urug
  6396 | Lair:1   | Killed Urug
  6666 | Lair:1   | Noticed a spiny frog
  6678 | Lair:1   | Killed a spiny frog
  7156 | Lair:1   | Noticed Erica
  7170 | Lair:1   | Killed Erica
  7170 | Lair:1   | Reached skill level 5 in Throwing
  7170 | Lair:1   | Reached XP level 11. HP: 99/99 MP: 10/10
  7648 | Lair:2   | Reached skill level 10 in Fighting
  7648 | Lair:2   | Reached skill level 10 in Armour
  7690 | Lair:2   | Reached skill level 5 in Slings
  7877 | Lair:2   | Noticed an eight-headed hydra
  7886 | Lair:2   | Killed an eight-headed hydra
  7941 | Lair:2   | Identified a scroll of acquirement
  7942 | Lair:2   | Gained mutation: Scrolls take you a little longer to read.
                  | [potion of mutation]
  7942 | Lair:2   | Gained mutation: You are frail. (-10% HP) [potion of
                  | mutation]
  7942 | Lair:2   | Gained mutation: Scrolls take you longer to read. [potion
                  | of mutation]
  7942 | Lair:2   | Gained mutation: You possess an exceptional clarity of
                  | mind. [potion of mutation]
  7943 | Lair:2   | Got a warped bone ring
  7945 | Lair:2   | Identified the ring "Beostry" {rCorr rPois rF++} (You
                  | acquired it on level 2 of the Lair of Beasts)
  8047 | Lair:2   | Noticed an eight-headed hydra
  8058 | Lair:2   | Killed an eight-headed hydra
  9226 | Lair:2   | You fall through a shaft!
  9560 | Lair:3   | Reached XP level 12. HP: 99/99 MP: 11/11
  9875 | Lair:3   | Found a staircase to the Swamp.
 10889 | Lair:4   | Found a staircase to the Snake Pit.
 11003 | Lair:4   | Lost mutation: You possess an exceptional clarity of mind.
                  | [potion of mutation]
 11003 | Lair:4   | Lost mutation: You are frail. (-10% HP) [potion of
                  | mutation]
 11003 | Lair:4   | Gained mutation: Your mind is acute. (Int +2) [potion of
                  | mutation]
 11003 | Lair:4   | Gained mutation: You are agile. (Dex +2) [potion of
                  | mutation]
 11516 | Lair:4   | Got an iridescent quarterstaff
 11522 | Lair:4   | Identified the +8 quarterstaff of the Traitor {speed, rC+
                  | rN+ Str-3} (You found it on level 4 of the Lair of Beasts)
 11836 | Lair:4   | Reached skill level 1 in Staves
 12174 | Snake:1  | Entered Level 1 of the Snake Pit
 12185 | Snake:1  | Noticed an anaconda
 12424 | Snake:1  | Slain by an anaconda

Skill      XL: |  1  2  3  4  5  6  7  8  9 10 11 12 |
---------------+-------------------------------------+-----
Armour         | 4 5 6 7 8 9 11 | 11.8
Shields        | 4 5 6 7 9 10 | 10.6
Fighting       | 4 5 6 7 8 9 11 | 11.9
Axes           | 3 |  3.8
Short Blades   | 1 2 3 |  3.5
Polearms       | 3 5 7 9 |  9.9
Throwing       | 3 5 6 7 |  7.8
Slings         | 2 4 6 7 |  7.9
Staves         | 1 |  1.9

Action                   |  1- 3 |  4- 6 |  7- 9 | 10-12 || total
-------------------------+-------+-------+-------+-------++-------
Melee: War axe           |   100 |    60 |     4 |       ||   164
       Headbutt          |    14 |    30 |    63 |   116 ||   223
       Dagger            |       |    97 |    16 |       ||   113
       Flail             |       |       |   102 |       ||   102
       Trident           |       |       |   188 |   418 ||   606
       Hand axe          |       |       |    11 |    67 ||    78
       Quarterstaff      |       |       |       |    37 ||    37
 Fire: Hunting sling     |       |       |     2 |     5 ||     7
       Fustibalus        |       |       |       |    46 ||    46
Invok: Potion Petition   |       |       |       |     1 ||     1
       Bribe Branch      |       |       |       |     1 ||     1
Evoke: Wand              |       |       |     1 |    10 ||    11
  Use: Potion            |       |     1 |     1 |     7 ||     9
       Scroll            |       |       |     6 |    10 ||    16
 Stab: Distracted        |       |     1 |       |     4 ||     5
       Paralysed         |       |       |     1 |       ||     1
       Confused          |       |       |       |     2 ||     2
  Eat: Ration            |       |     3 |     2 |     6 ||    11
Armor: Scale mail        |    46 |    66 |    90 |   217 ||   419
Dodge: Dodged            |    30 |    55 |    98 |   191 ||   374
Block: Shield            |    55 |    75 |   153 |   305 ||   588
